TOP OF THE 1ST |
Chesapeake Continentals batting - Pitching for Tacoma Fur Traders : RHP Aiden Dubhghall
|
Pitching: RHP Aiden Dubhghall
|
|
Batting: LHB Mathias Gudmestad
|
0-0: Called Strike 0-1: Bunt for hit - play at first, batter safe!
|
Batting: RHB Phil Oostermeer
|
0-0: Ball 1-0: Called Strike Throwing error on steal attempt, E2 Mathias Gudmestad to third 1-1: Ball 2-1: Foul Ball, location: 2F 2-2: SINGLE (Groundball, 4S) (infield hit) Mathias Gudmestad scores
|
Batting: RHB Santiago Valentín
|
0-0: Ball 1-0: Foul Ball, location: 2F 1-1: Ball 2-1: Called Strike 2-2: Strikes out swinging Phil Oostermeer steals 2nd base Batter strikes out.
|
Batting: LHB Raphaël Duval
|
0-0: Called Strike Phil Oostermeer is caught stealing 3rd base 0-1: Ball 1-1: Ground out 4-3 (Groundball, 4)
|
Top of the 1st over - 1 run, 2 hits, 1 error, 0 left on base; Chesapeake 1 - Tacoma 0 |
BOTTOM OF THE 1ST |
Tacoma Fur Traders batting - Pitching for Chesapeake Continentals : LHP Jeff Enamorado
|
Pitching: LHP Jeff Enamorado
|
|
Batting: RHB Jeremy Geertsen
|
0-0: Ball 1-0: Foul Ball, location: 2F 1-1: Ground out 6-3 (Groundball, 6)
|
Batting: RHB Josh Mawdesley
|
0-0: Ball 1-0: Ground out 6-3 (Groundball, 6S)
|
Batting: RHB Dan Vanblarcom
|
0-0: Ball 1-0: Ground out 5-3 (Groundball, 5L)
|
Bottom of the 1st over - 0 runs, 0 hits, 0 errors, 0 left on base; Chesapeake 1 - Tacoma 0 |
TOP OF THE 2ND |
Chesapeake Continentals batting - Pitching for Tacoma Fur Traders : RHP Aiden Dubhghall
|
Batting: RHB Brian Moring
|
0-0: Foul Ball, location: 2F 0-1: Foul Ball, location: 2F 0-2: Ball 1-2: Ball 2-2: SINGLE (Flyball, 89S)
|
Batting: RHB Otton Dis
|
0-0: DOUBLE (Line Drive, 78D) Brian Moring to third
|
Batting: RHB Nick Bechtel
|
0-0: Ball 1-0: Ball 2-0: Foul Ball, location: 2F 2-1: Called Strike 2-2: Foul Ball, location: 2F 2-2: Foul Ball, location: 2F 2-2: Foul Ball, location: 2F 2-2: Ball 3-2: SINGLE (Groundball, 6D) Brian Moring scores Otton Dis to third
|
Batting: SHB Tomás Valdéz
|
0-0: Ball 1-0: Ball 2-0: Swinging Strike 2-1: Foul Ball, location: 2F 2-2: Ball 3-2: Base on Balls Nick Bechtel to second
|
Batting: RHB Shou-chien Luo
|
0-0: Ball 1-0: Foul Ball, location: 2F 1-1: Ball 2-1: Foul Ball, location: 2F 2-2: Grounds into double play, 4-6-3 (Groundball, 4) Otton Dis scores Nick Bechtel to third
|
Batting: LHB Mathias Gudmestad
|
0-0: Called Strike 0-1: Ball 1-1: Swinging Strike 1-2: Ball 2-2: Ball 3-2: Foul Ball, location: 2F 3-2: Foul Ball, location: 2F 3-2: Strikes out swinging, 2-3 out at first.
|
Top of the 2nd over - 2 runs, 3 hits, 0 errors, 1 left on base; Chesapeake 3 - Tacoma 0 |
BOTTOM OF THE 2ND |
Tacoma Fur Traders batting - Pitching for Chesapeake Continentals : LHP Jeff Enamorado
|
Batting: RHB Chad Silander
|
0-0: Called Strike 0-1: Foul Ball, location: 2F 0-2: Foul Ball, location: 2F 0-2: Ball 1-2: Fly out, F7 (Line Drive, 7)
|
Batting: RHB Michael Palledorous
|
0-0: Called Strike 0-1: Ball 1-1: Ball 2-1: Ground out 5-3 (Groundball, 56S)
|
Batting: RHB Sinclair Bothof
|
0-0: Called Strike 0-1: Ball 1-1: Called Strike 1-2: Foul Ball, location: 2F 1-2: Ball 2-2: Ball 3-2: Fly out, F8 (Flyball, 8RM)
|
Bottom of the 2nd over - 0 runs, 0 hits, 0 errors, 0 left on base; Chesapeake 3 - Tacoma 0 |
TOP OF THE 3RD |
Chesapeake Continentals batting - Pitching for Tacoma Fur Traders : RHP Aiden Dubhghall
|
Batting: RHB Phil Oostermeer
|
0-0: Ball 1-0: Ball 2-0: Fly out, F3 (Popup, 23F)
|
Batting: RHB Santiago Valentín
|
0-0: Fly out, F8 (Flyball, 8RS)
|
Batting: LHB Raphaël Duval
|
0-0: Ball 1-0: SINGLE (Groundball, 3D)
|
Batting: RHB Brian Moring
|
0-0: Ball 1-0: Ball 2-0: Ball 3-0: Foul Ball, location: 2F 3-1: Foul Ball, location: 2F 3-2: Ground out 5-3 (Groundball, 56S)
|
Top of the 3rd over - 0 runs, 1 hit, 0 errors, 1 left on base; Chesapeake 3 - Tacoma 0 |
BOTTOM OF THE 3RD |
Tacoma Fur Traders batting - Pitching for Chesapeake Continentals : LHP Jeff Enamorado
|
Batting: RHB Stan Wheeler
|
0-0: Ball 1-0: Foul Ball, location: 2F 1-1: Foul Ball, location: 2F 1-2: Strikes out swinging
|
Batting: RHB Robin Colwill
|
0-0: Ball 1-0: Foul Ball, location: 2F 1-1: Swinging Strike 1-2: Ball 2-2: Ball 3-2: Foul Ball, location: 2F 3-2: Base on Balls
|
Batting: RHB Alejandro Aquilera
|
0-0: Swinging Strike 0-1: SINGLE (Groundball, 4S) (infield hit) Robin Colwill to second
|
Batting: RHB Jeremy Geertsen
|
0-0: Ball 1-0: Ball 2-0: Called Strike 2-1: Ball 3-1: Fly out, F9 (Flyball, 9D) Runner from 2nd tags up, SAFE at 3rd, no throw
|
Batting: RHB Josh Mawdesley
|
0-0: Ball 1-0: Ball 2-0: Foul Ball, location: 2F 2-1: Called Strike 2-2: Foul Ball, location: 2F 2-2: Ball 3-2: SINGLE (Groundball, 56D) Robin Colwill scores Alejandro Aquilera to second Alejandro Aquilera to third
|
Batting: RHB Dan Vanblarcom
|
0-0: Ball 1-0: Ball 2-0: DOUBLE (Line Drive, 9LS) Alejandro Aquilera scores Josh Mawdesley to third
|
Batting: RHB Chad Silander
|
0-0: Ball 1-0: SINGLE (Line Drive, 6D) Josh Mawdesley scores Dan Vanblarcom to third Runner from 3rd tries for Home, SAFE, throw made home
|
Batting: RHB Michael Palledorous
|
0-0: Foul Ball, location: 2F 0-1: Swinging Strike 0-2: 2-RUN HOME RUN (Flyball, 9LD), Distance : 354 ft
|
Batting: RHB Sinclair Bothof
|
0-0: Ball 1-0: Foul Ball, location: 2F 1-1: Ball 2-1: Foul Ball, location: 2F 2-2: Ball 3-2: Strikes out looking
|
Bottom of the 3rd over - 6 runs, 5 hits, 0 errors, 0 left on base; Chesapeake 3 - Tacoma 6 |
TOP OF THE 4TH |
Chesapeake Continentals batting - Pitching for Tacoma Fur Traders : RHP Aiden Dubhghall
|
Batting: RHB Otton Dis
|
0-0: Swinging Strike 0-1: Ball 1-1: Fly out, F6 (Line Drive, 6)
|
Batting: RHB Nick Bechtel
|
0-0: Fly out, F9 (Flyball, 9S)
|
Batting: SHB Tomás Valdéz
|
0-0: Called Strike 0-1: Ball 1-1: Ball 2-1: Ball 3-1: Base on Balls
|
Batting: RHB Shou-chien Luo
|
0-0: Foul Ball, location: 2F 0-1: Ball 1-1: Swinging Strike 1-2: Strikes out swinging
|
Top of the 4th over - 0 runs, 0 hits, 0 errors, 1 left on base; Chesapeake 3 - Tacoma 6 |
BOTTOM OF THE 4TH |
Tacoma Fur Traders batting - Pitching for Chesapeake Continentals : LHP Jeff Enamorado
|
Batting: RHB Stan Wheeler
|
0-0: Ball 1-0: Ball 2-0: Ball 3-0: Called Strike 3-1: Base on Balls
|
Batting: RHB Robin Colwill
|
0-0: Ball 1-0: Called Strike 1-1: Swinging Strike 1-2: Fly out, F4 (Line Drive, 4M)
|
Batting: RHB Alejandro Aquilera
|
0-0: Swinging Strike 0-1: SINGLE (Groundball, 56S) (infield hit) Stan Wheeler to second
|
Batting: RHB Jeremy Geertsen
|
0-0: Swinging Strike 0-1: Swinging Strike 0-2: Ball 1-2: Grounds into double play, 6-4-3 (Groundball, 6)
|
Bottom of the 4th over - 0 runs, 1 hit, 0 errors, 1 left on base; Chesapeake 3 - Tacoma 6 |
TOP OF THE 5TH |
Chesapeake Continentals batting - Pitching for Tacoma Fur Traders : RHP Aiden Dubhghall
|
Batting: LHB Mathias Gudmestad
|
0-0: Ball 1-0: Ball 2-0: Ball 3-0: Called Strike 3-1: Called Strike 3-2: Ground out 4-3 (Groundball, 4M)
|
Batting: RHB Phil Oostermeer
|
0-0: Ball 1-0: DOUBLE (Flyball, 8RXD)
|
Batting: RHB Santiago Valentín
|
0-0: DOUBLE (Flyball, 9LM) Phil Oostermeer scores
|
Batting: LHB Raphaël Duval
|
0-0: Foul Ball, location: 2F 0-1: Swinging Strike 0-2: Ball 1-2: Ball 2-2: Ground out 6-3 (Groundball, 6) Santiago Valentín to third
|
Batting: RHB Brian Moring
|
0-0: Called Strike 0-1: Foul Ball, location: 2F 0-2: SINGLE (Flyball, 78M) Santiago Valentín scores
|
Batting: RHB Otton Dis
|
0-0: Fielders Choice at 2nd, 5-4 (Groundball, 5)
|
Top of the 5th over - 2 runs, 3 hits, 0 errors, 1 left on base; Chesapeake 5 - Tacoma 6 |
BOTTOM OF THE 5TH |
Tacoma Fur Traders batting - Pitching for Chesapeake Continentals : LHP Jeff Enamorado
|
Batting: RHB Josh Mawdesley
|
0-0: Called Strike 0-1: Foul Ball, location: 2F 0-2: Ball 1-2: Foul Ball, location: 2F 1-2: Fly out, F8 (Flyball, 8LM)
|
Batting: RHB Dan Vanblarcom
|
0-0: Ball 1-0: Called Strike 1-1: Called Strike 1-2: Ball 2-2: SOLO HOME RUN (Flyball, 7LD), Distance : 384 ft
|
Batting: RHB Chad Silander
|
0-0: Foul Ball, location: 2F 0-1: Foul Ball, location: 2F 0-2: Foul Ball, location: 2F 0-2: Foul Ball, location: 2F 0-2: Ball 1-2: Foul Ball, location: 2F 1-2: Ball 2-2: Fly out, F9 (Flyball, 9S)
|
Batting: RHB Michael Palledorous
|
0-0: Fly out, F8 (Flyball, 8LXD)
|
Bottom of the 5th over - 1 run, 1 hit, 0 errors, 0 left on base; Chesapeake 5 - Tacoma 7 |
TOP OF THE 6TH |
Chesapeake Continentals batting - Pitching for Tacoma Fur Traders : RHP Aiden Dubhghall
|
Batting: RHB Nick Bechtel
|
0-0: Called Strike 0-1: Foul Ball, location: 2F 0-2: Ball 1-2: Ball 2-2: Ball 3-2: SINGLE (Line Drive, 8LS)
|
Batting: SHB Tomás Valdéz
|
0-0: Called Strike 0-1: SINGLE (Groundball, 34D) Nick Bechtel to second
|
Pitching: LHP Abdul Rashad
|
|
Batting: RHB Shou-chien Luo
|
0-0: Ball 1-0: Ball 2-0: Ball 3-0: Base on Balls Nick Bechtel to third Tomás Valdéz to second
|
Batting: LHB Mathias Gudmestad
|
0-0: Ground out 4-3 (Groundball, 4M) Nick Bechtel scores Tomás Valdéz to third Shou-chien Luo to second
|
Batting: RHB Phil Oostermeer
|
0-0: Fly out, F1 (Line Drive, 13)
|
Batting: RHB Santiago Valentín
|
0-0: 3-RUN HOME RUN (Flyball, 7LD), Distance : 374 ft
|
Batting: LHB Raphaël Duval
|
0-0: Called Strike 0-1: Ground out U3 (Groundball, 34)
|
Top of the 6th over - 4 runs, 3 hits, 0 errors, 0 left on base; Chesapeake 9 - Tacoma 7 |
BOTTOM OF THE 6TH |
Tacoma Fur Traders batting - Pitching for Chesapeake Continentals : LHP Jeff Enamorado
|
Pitching: LHP Nicolas Michel
|
|
Batting: RHB Sinclair Bothof
|
0-0: DOUBLE (Line Drive, 7LM)
|
Batting: RHB Stan Wheeler
|
0-0: Ball 1-0: Ball 2-0: Sac Bunt - play at first, batter OUT! 1-4 Sinclair Bothof to third
|
Batting: RHB Robin Colwill
|
0-0: SINGLE (Groundball, 6MD) Sinclair Bothof scores
|
Batting: RHB Alejandro Aquilera
|
0-0: Called Strike 0-1: Called Strike 0-2: Ball 1-2: Foul Ball, location: 2F 1-2: Strikes out looking
|
Batting: RHB Jeremy Geertsen
|
0-0: Ball 1-0: Foul Ball, location: 2F 1-1: Swinging Strike 1-2: Ball 2-2: Ball 3-2: Ground out 5-3 (Groundball, 5S)
|
Bottom of the 6th over - 1 run, 2 hits, 0 errors, 1 left on base; Chesapeake 9 - Tacoma 8 |
TOP OF THE 7TH |
Chesapeake Continentals batting - Pitching for Tacoma Fur Traders : LHP Abdul Rashad
|
Batting: RHB Brian Moring
|
0-0: Called Strike 0-1: Swinging Strike 0-2: Ball 1-2: Ball 2-2: Strikes out swinging, 2-3 out at first.
|
Batting: RHB Otton Dis
|
0-0: Called Strike 0-1: Foul Ball, location: 2F 0-2: DOUBLE (Line Drive, 78XD)
|
Batting: RHB Nick Bechtel
|
0-0: Intentional Walk
|
Pitching: RHP Arie de Nooyer
|
|
Batting: SHB Tomás Valdéz
|
0-0: Foul Ball, location: 2F 0-1: Ball 1-1: Swinging Strike 1-2: Ball 2-2: Strikes out looking
|
Batting: RHB Shou-chien Luo
|
0-0: Ground out U3 (Groundball, 34)
|
Top of the 7th over - 0 runs, 1 hit, 0 errors, 2 left on base; Chesapeake 9 - Tacoma 8 |
BOTTOM OF THE 7TH |
Tacoma Fur Traders batting - Pitching for Chesapeake Continentals : LHP Nicolas Michel
|
Batting: RHB Josh Mawdesley
|
0-0: Ball 1-0: Swinging Strike 1-1: Swinging Strike 1-2: Ground out 6-3 (Groundball, 6)
|
Batting: RHB Dan Vanblarcom
|
0-0: Ball 1-0: Ball 2-0: Foul Ball, location: 2F 2-1: Called Strike 2-2: Strikes out looking
|
Batting: RHB Chad Silander
|
0-0: Ball 1-0: Called Strike 1-1: Called Strike 1-2: Strikes out looking
|
Bottom of the 7th over - 0 runs, 0 hits, 0 errors, 0 left on base; Chesapeake 9 - Tacoma 8 |
TOP OF THE 8TH |
Chesapeake Continentals batting - Pitching for Tacoma Fur Traders : RHP Arie de Nooyer
|
Batting: LHB Mathias Gudmestad
|
0-0: Ground out 4-3 (Groundball, 4)
|
Batting: RHB Phil Oostermeer
|
0-0: Ball 1-0: Fly out, F8 (Flyball, 8RM)
|
Batting: RHB Santiago Valentín
|
0-0: Foul Ball, location: 2F 0-1: SINGLE (Flyball, 89S)
|
Batting: LHB Raphaël Duval
|
0-0: Ball 1-0: Called Strike 1-1: Ground out 4-3 (Groundball, 4M)
|
Top of the 8th over - 0 runs, 1 hit, 0 errors, 1 left on base; Chesapeake 9 - Tacoma 8 |
BOTTOM OF THE 8TH |
Tacoma Fur Traders batting - Pitching for Chesapeake Continentals : LHP Nicolas Michel
|
Batting: RHB Michael Palledorous
|
0-0: Foul Ball, location: 2F 0-1: Foul Ball, location: 2F 0-2: Foul Ball, location: 2F 0-2: Ground out 6-3 (Groundball, 6M)
|
Batting: RHB Sinclair Bothof
|
0-0: Ball 1-0: Called Strike 1-1: Swinging Strike 1-2: Ball 2-2: Strikes out swinging
|
Batting: RHB Stan Wheeler
|
0-0: Called Strike 0-1: Ground out 5-3 (Groundball, 2L)
|
Bottom of the 8th over - 0 runs, 0 hits, 0 errors, 0 left on base; Chesapeake 9 - Tacoma 8 |
TOP OF THE 9TH |
Chesapeake Continentals batting - Pitching for Tacoma Fur Traders : RHP Arie de Nooyer
|
Pitching: RHP Jeffrey Chesser
|
|
Batting: RHB Brian Moring
|
0-0: Ball 1-0: SINGLE (Groundball, 6MD)
|
Batting: RHB Otton Dis
|
0-0: Sac Bunt - play at first, batter OUT! 1-4 Brian Moring to second
|
Batting: RHB Nick Bechtel
|
0-0: Ball 1-0: Ball 2-0: Foul Ball, location: 2F 2-1: Called Strike 2-2: Fly out, F2 (Popup, 23F)
|
Batting: SHB Tomás Valdéz
|
0-0: Called Strike 0-1: Ball 1-1: SINGLE (Line Drive, 89M) Brian Moring to third Runner from 3rd tries for Home, SAFE, no throw
|
Batting: RHB Shou-chien Luo
|
0-0: Ball 1-0: Ball 2-0: Called Strike 2-1: Foul Ball, location: 2F 2-2: Ball Tomás Valdéz steals 2nd base 3-2: Strikes out swinging
|
Top of the 9th over - 1 run, 2 hits, 0 errors, 1 left on base; Chesapeake 10 - Tacoma 8 |
BOTTOM OF THE 9TH |
Tacoma Fur Traders batting - Pitching for Chesapeake Continentals : LHP Nicolas Michel
|
Pitching: LHP Cedric Zuercher
|
|
Batting: RHB Robin Colwill
|
0-0: Called Strike 0-1: Foul Ball, location: 2F 0-2: Foul Ball, location: 2F 0-2: Foul Ball, location: 2F 0-2: Strikes out swinging
|
Batting: RHB Alejandro Aquilera
|
0-0: Called Strike 0-1: Ball 1-1: Fly out, F8 (Flyball, 78M)
|
Batting: RHB Jeremy Geertsen
|
0-0: Foul Ball, location: 2F 0-1: Foul Ball, location: 2F 0-2: Ball 1-2: Foul Ball, location: 2F 1-2: Ball 2-2: Foul Ball, location: 2F 2-2: Ball 3-2: SINGLE (Line Drive, 78M)
|
Batting: RHB Josh Mawdesley
|
0-0: Foul Ball, location: 2F 0-1: Foul Ball, location: 2F 0-2: Ground out 5-3 (Groundball, 56S)
|
Bottom of the 9th over - 0 runs, 1 hit, 0 errors, 1 left on base; Chesapeake 10 - Tacoma 8 |
|